 Dungeon Crawl Stone Soup version 0.26-a0-30-g56b8cd3df0 (webtiles) character file.

Game seed: 17293789290842032723, levelgen mode: deterministic

3169 Lugonue the Grappler (level 9, 0/47 HPs)
             Began as a Gargoyle Venom Mage on June 2, 2020.
             Was an Initiate of Vehumet.
             Slain by a two-headed ogre
             ... wielding a +0 giant club
              (18 damage)
             ... on level 8 of the Dungeon.
             The game lasted 00:15:52 (8106 turns).

Lugonue the Grappler (Gargoyle Venom Mage)          Turns: 8106, Time: 00:15:53

Health: 0/47       AC: 11    Str: 15    XL:     9   Next: 94%
Magic:  15/15      EV: 12    Int: 16    God:    Vehumet [......]
Gold:   84         SH:  0    Dex: 10    Spells: 7/17 levels left

rFire    + . .     SeeInvis .     - Unarmed
rCold    . . .     Gourm    .   (no shield)
rNeg     + + .     Faith    +   x - +0 robe
rPois    ∞         Spirit   .   (no helmet)
rElec    +         Reflect  .   (no cloak)
rCorr    .         Harm     .   d - +2 pair of gloves
MR       .....                  (no boots)
Stlth    ++........             u - amulet of faith
HPRegen  0.15/turn              b - ring of positive energy (curse)
MPRegen  0.14/turn              v - ring of protection from fire

@: no status effects
A: negative energy resistance 1, electricity resistance, unbreathing,
petrification resistance, rot immunity, AC +6
a: Renounce Religion


You were on level 8 of the Dungeon.
You worshipped Vehumet.
Vehumet was noncommittal.
You were very full.

You visited 2 branches of the dungeon, and saw 9 of its levels.

You collected 564 gold pieces.
You spent 480 gold pieces at shops.

Inventory:

Hand Weapons
 a - the +9 staff of Wucad Mu {channel}
   (You found it on level 4 of the Dungeon)
Armour
 d - a +2 pair of gloves (worn)
 x - a +0 robe (worn)
Magical Staves
 y - an uncursed staff of death {unknown}
Jewellery
 b - a cursed ring of positive energy (left hand)
 h - a +6 ring of dexterity
 n - an uncursed amulet of regeneration
 u - an amulet of faith (around neck)
 v - a ring of protection from fire (right hand)
Wands
 g - a wand of polymorph (27)
 o - a wand of paralysis (10)
 w - a wand of clouds (2)
Scrolls
 j - 3 scrolls of remove curse
 k - 2 scrolls of teleportation
 m - a scroll of immolation
 r - 3 scrolls of magic mapping
 t - 3 scrolls of identify
Potions
 e - a potion of mutation {unknown}
 f - 5 potions of stabbing
 i - a potion of brilliance
 l - 2 potions of degeneration {unknown}
 p - a potion of haste {unknown}
 q - a potion of cancellation
 s - 3 potions of might {unknown}
Comestibles
 c - 15 rations
 z - a chunk of flesh


   Skills:
 + Level 1.5 Fighting
 - Level 1.5 Dodging
 - Level 2.1 Stealth
 * Level 9.9 Unarmed Combat
 + Level 4.5 Spellcasting
 - Level 0.7 Transmutations
 + Level 8.0 Poison Magic
 * Level 2.1 Evocations


You had 7 spell levels left.
You knew the following spells:

 Your Spells              Type           Power        Failure   Level  Hunger
a - Sting                 Tmut/Pois      ###.         2%          1    None
b - Poisonous Vapours     Pois/Air       ###...       4%          2    ##.....
c - Olgreb's Toxic Radia  Pois           ####....     6%          4    ####...
d - Ignite Poison         Fire/Tmut/Pois ##......     14%         3    ###....

Your spell library contained the following spells:

 Spells                   Type           Power        Failure   Level  Hunger
 Magic Dart               Conj           #...         16%         1    None
 Summon Small Mammal      Summ           #...         16%         1    None
 Mephitic Cloud           Conj/Pois/Air  ##......     16%         3    ###....
 Call Imp                 Summ           #.......     24%         2    ##.....
 Searing Ray              Conj           #.....       24%         2    ##.....
 Call Canine Familiar     Summ           #.......     43%         3    ###....
 Dazzling Flash           Conj/Hex       #.....       43%         3    ###....
 Summon Guardian Golem    Hex/Summ       #.......     43%         3    ###....
 Fulminant Prism          Conj/Hex       #.........   85%         4    ####...
 Iskenderun's Mystic Bla  Conj/Tloc      #.......     85%         4    ####...
 Summon Ice Beast         Ice/Summ       #.......     85%         4    ####...
 Summon Lightning Spire   Summ/Air       #.......     85%         4    ####...


Dungeon Overview and Level Annotations

Branches:
Dungeon (8/15)             Temple (1/1) D:4
   Lair: D:8-11

Altars:
Ashenzari
Dithmenos
Fedhas
Gozag
Hepliaklqana
Kikubaaqudgha
Makhleb
Nemelex Xobeh
Okawaru
Qazlal
Ru
Sif Muna
Trog
Uskayaw
Vehumet
Wu Jian
Xom
Yredelemnul
The Shining One

Shops:
D:8 ?:(


Innate Abilities, Weirdness & Mutations

You are resistant to torment.
Your stone body is resilient. (AC +6)
You are immune to poison.
You resist negative energy. (rN+)
You are resistant to electric shocks. (rElec)
You can survive without breathing.
You are immune to petrification.
You are immune to rotting.


Message History

Press: ? - help, Shift-Dir - straight line, f/p - two-headed ogre
Aim: a two-headed ogre, wielding two +0 giant clubs (heavily wounded, chance to defeat MR: 34%)
Okay, then.
Unknown command.
Okay, then.
Okay, then.
Evoke which item? (* to show all) (? for menu, Esc to quit)
Okay, then.
Okay, then.
Unknown command.
Okay, then.
Unknown command.
Press: ? - help, v - describe, . - travel The floor.
Unknown command.
Some of the chunks of flesh in your inventory have rotted away.
Things that are here:
a +0 giant club; an ogre skeleton The two-headed ogre hits you with a +0 giant club!!
You die...

#.# #.# #.# # #.# #.# #. #.#
#.# #.###.## #.# ......####
#.# #..>.... #.#
#.#..###############.#
.#####.....#.O@...........#
..<.......#...##############
..######..).### #>#.## #.#.#
#.#.# ### #.#.# ##.##
..#.#########...# ######
###......∩....... ....≈


You could see a two-headed ogre.

Vanquished Creatures
  A hippogriff (D:6)
  Sigmund (D:6)
  A yak (D:7)
  3 hogs (D:7)
  A human (D:7)
  Grum (D:8)
  Duvessa (D:7)
  An ice beast (D:5)
  A phantom (D:7)
  4 wolves (D:8)
  2 ogres
  A centaur (D:5)
  A bullfrog (D:2)
  Blork the orc (D:6)
  Dowan (D:7)
  2 scorpions
  3 jellies
  5 wights (D:8)
  A howler monkey (D:6)
  A hound (D:7)
  An orc priest (D:7)
  An orc wizard (D:4)
  A centaur skeleton (D:5)
  2 iguanas
  5 worker ants
  A hound skeleton (D:5)
  8 adders
  2 howler monkey skeletons
  2 oozes (D:1)
  An adder skeleton (D:8)
  3 worms (D:2)
  2 dart slugs
  4 leopard geckos
  21 orcs
  7 bats
  4 giant cockroaches
  13 goblins
  10 hobgoblins
  3 jackals (D:4)
  8 kobolds
  2 quokkas
  2 frilled lizards (D:4)
  4 rats
140 creatures vanquished.

Vanquished Creatures (others)
  An iguana (D:6)
  A ball python (D:6)
2 creatures vanquished.

Grand Total: 142 creatures vanquished

Notes
Turn   | Place    | Note
-------+----------+-------------------------------------------
     0 | D:1      | Lugonue the Gargoyle Venom Mage began the quest for the
                  | Orb.
     0 | D:1      | Reached XP level 1. HP: 10/10 MP: 3/3
   443 | D:1      | Reached XP level 2. HP: 15/15 MP: 3/5
   929 | D:1      | Reached XP level 3. HP: 19/19 MP: 2/6
  1481 | D:2      | Learned a level 2 spell: Poisonous Vapours
  1539 | D:2      | Reached skill level 1 in Unarmed Combat
  1763 | D:2      | Found a bloodstained altar of Trog.
  1936 | D:2      | Reached XP level 4. HP: 24/24 MP: 0/7
  2031 | D:2      | Learned a level 4 spell: Olgreb's Toxic Radiance
  2202 | D:2      | Reached skill level 2 in Unarmed Combat
  2399 | D:2      | Noticed a bullfrog
  2429 | D:2      | Killed a bullfrog
  2429 | D:2      | Reached skill level 3 in Unarmed Combat
  2429 | D:2      | Reached XP level 5. HP: 7/28 MP: 1/8
  3422 | D:3      | Reached skill level 5 in Poison Magic
  3466 | D:3      | Found a stormy altar of Qazlal.
  3587 | D:3      | You fall into a shaft and drop 3 floors!
  3590 | D:6      | Noticed Blork the orc
  3606 | D:6      | Killed Blork the orc
  3606 | D:6      | Reached skill level 4 in Unarmed Combat
  3606 | D:6      | Reached XP level 6. HP: 32/32 MP: 1/9
  3963 | D:6      | Noticed Sigmund
  3986 | D:6      | Killed Sigmund
  3986 | D:6      | Reached skill level 5 in Unarmed Combat
  3986 | D:6      | Reached XP level 7. HP: 33/36 MP: 4/10
  4252 | D:5      | Entered Level 5 of the Dungeon
  4632 | D:5      | Learned a level 3 spell: Ignite Poison
  4738 | D:5      | Reached skill level 6 in Unarmed Combat
  5286 | D:6      | Found a shimmering altar of Xom.
  5374 | D:6      | Reached XP level 8. HP: 41/41 MP: 6/11
  5524 | D:7      | Noticed Duvessa
  5525 | D:7      | Noticed Dowan
  5536 | D:7      | Noticed a hippogriff
  5572 | D:6      | Killed a hippogriff
  5578 | D:6      | Reached skill level 7 in Unarmed Combat
  5967 | D:7      | Noticed a yak
  5971 | D:7      | Reached skill level 8 in Unarmed Combat
  5976 | D:7      | Reached XP level 9. HP: 46/46 MP: 6/13
  5983 | D:7      | Reached skill level 1 in Fighting
  6317 | D:8      | Noticed a two-headed ogre
  6329 | D:7      | Killed Duvessa
  6329 | D:7      | Reached skill level 9 in Unarmed Combat
  6345 | D:7      | Killed Dowan
  6655 | D:4      | Found a glowing golden altar of the Shining One.
  6658 | D:4      | Found the +9 staff of Wucad Mu {channel}
  6829 | D:4      | Found a staircase to the Ecumenical Temple.
  6863 | Temple   | Entered the Ecumenical Temple
  6945 | Temple   | Became a worshipper of Vehumet
  7677 | D:8      | Reached skill level 1 in Evocations
  7747 | D:8      | Found Qubokus's Weapon Emporium.
  7753 | D:8      | Found Nexafiuck's Book Boutique.
  7812 | D:8      | Bought a book of Conjurations for 480 gold pieces
  7821 | D:8      | Noticed Grum
  7825 | D:8      | Killed Grum
  7917 | D:8      | Found Qiwn's Magic Scroll Shop.
  8106 | D:8      | Slain by a two-headed ogre

Illustrated notes

Levels and vault maps discovered:
D:1:      roderic_crop_circles_arrival_small, layout_basic, grunt_decor_clamped,
          dk_noncrumbling_4, minivault_19
D:2:      cheibrodos_greedy_goblins, layout_basic, old_standard_altar,
          due_unseen_surprise
D:3:      layout_rooms, overflow_temple_1_default,
          nicolae_qazlal_general_emergency
D:4:      layout_cave_pools, nicolae_tso_swordbearing_angel,
          minmay_temple_entry_steel_oval, first_ration, hex_large
D:5:      layout_basic
D:6:      layout_basic, xom_confusion_cloud, uniq_blork_the_orc, uniq_sigmund
D:7:      wander_river, layout_rooms, grunt_livestock, uniq_duvessa
D:8:      layout_loops_ring, slow_altar_1, serial_shops, nicolae_shop_crystal,
          shop, shop, nicolae_shop_stone, nicolae_shop_waterfront,
          chequers_serial_rivers_large_a, small_statue_intersection,
          solitary_fountain, uniq_harold, uniq_grum, uniq_pikel
Temple:   nicolae_temple_elliptical

Skill      XL: |  1  2  3  4  5  6  7  8  9 |
---------------+----------------------------+-----
Poison Magic   | 4 5 6 7 8 |  8.0
Unarmed Combat | 1 3 4 5 6 8 9 |  9.9
Spellcasting   | 3 4 |  4.5
Fighting       | 1 |  1.5
Evocations     | 2 |  2.1
Dodging        | |  1.5
Stealth        | |  2.1
Transmutations | |  0.7

Action                   |  1- 3 |  4- 6 |  7- 9 || total
-------------------------+-------+-------+-------++-------
Melee: Unarmed           |    79 |   136 |   166 ||   381
       Punch             |       |     3 |     5 ||     8
       Staff             |       |       |     1 ||     1
 Cast: Sting             |    34 |    28 |    24 ||    86
       Poisonous Vapours |     4 |    19 |    18 ||    41
       Olgreb's Toxic Ra |       |     3 |     9 ||    12
       Ignite Poison     |       |       |     8 ||     8
Evoke: Staff of Wucad Mu |       |       |     5 ||     5
       Wand              |       |       |     1 ||     1
  Use: Scroll            |       |     8 |     2 ||    10
 Stab: Sleeping          |       |     1 |     2 ||     3
  Eat: Chunk             |     3 |     1 |     3 ||     7
       Ration            |       |     3 |     6 ||     9
Armor: Robe              |    34 |    38 |    78 ||   150
Dodge: Dodged            |    64 |    96 |    98 ||   258

Table legend:
 A = Non-vault XP
 B = Vault XP
 C = Vault XP percentage of total XP
 D = Non-vault monster count
 E = Vault monster count
 F = Vault count percentage of total count
                 A         B        C        D         E       F
            +---------+---------+-------+---------+---------+-------
      Total |    2289 |    2239 |  49.4 |     113 |      27 |  19.3
            +---------+---------+-------+---------+---------+-------
        D:1 |      42 |       0 |   0.0 |      16 |       0 |   0.0
        D:2 |     188 |      21 |  10.0 |      24 |      11 |  31.4
        D:3 |      37 |       0 |   0.0 |      12 |       0 |   0.0
        D:4 |     246 |       0 |   0.0 |      21 |       0 |   0.0
        D:5 |     298 |       0 |   0.0 |       4 |       0 |   0.0
        D:6 |     647 |     342 |  34.6 |      10 |       4 |  28.6
        D:7 |     364 |    1212 |  76.9 |      16 |       7 |  30.4
        D:8 |     467 |     664 |  58.7 |      10 |       5 |  33.3
            +---------+---------+-------+---------+---------+-------
